[Event "*** Titled Tuesday Blitz"]
[Site "Chess.com"]
[Date "2019.02.05"]
[Round "1"]
[White "BasilSmash"]
[Black "ElGasanov"]
[Result "1/2-1/2"]
[WhiteElo "2340"]
[BlackElo "2716"]
[TimeControl "180+2"]
[EndTime "13:08:59 PST"]
[Termination "Game drawn by repetition"]

1. e4 c5 2. Nf3 Nc6 3. d4 cxd4 4. Nxd4 Nf6 5. Nc3 g6 6. Nxc6 dxc6 7. Qxd8+ Kxd8 8.
Bc4 Bg7 9. a4 Rf8 10. f3 Nd7 11. Bg5 h6 12. Bh4 Nb6 13. Bb3 Be6 14. O-O-O+ Ke8 15. Bxe6 fxe6 16. Rd3 Bxc3 17. Rxc3 Nxa4 18. Ra3 Nc5 19.
Bf2 Nxe4 20. Rxa7 Rxa7 21. Bxa7 Nd6 22. Be3 h5 23. b3 e5 24. Re1 Kd7 25. Kd2 e4 26. f4 Ke6 27. Ke2 Ra8 28. g3 Ra2 29. Rc1 Nb5 30. Kd2 Kd5 31. h3 c5 32. g4 Nd4 33. Kd1 hxg4 34. hxg4 e6 35. Bd2 b5 36.
Be3 c4 37. bxc4+ bxc4 38. Bxd4 Kxd4 39. Ke2 e3 40. Kf3 Kc3 41. Kxe3 Rxc2 42. Ra1 Kb2 43. Ra6 Rc1 44. Kd4 c3 45. Rb6+ Ka3 46. Ra6+ Kb4 47. Rb6+ Ka5 48. Rxe6 c2 49. Kc3 Rg1 50. Kxc2 Rxg4 51.
Rf6 Kb5 52. Kd3 Kc5 53. Ke4 Rg1 54. Kf3 Kd5 55. Kf2 Rg4 56. Kf3 Rg1 57. Kf2 Rg4 58.
Kf3 Rg1 59. Kf2 1/2-1/2

[Event "*** Titled Tuesday Blitz"]
[Site "Chess.com"]
[Date "2019.02.05"]
[Round "1"]
[White "djogrodek1"]
[Black "GremioPrudente"]
[Result "0-1"]
[WhiteElo "2434"]
[BlackElo "2073"]
[TimeControl "180+2"]
[EndTime "13:09:01 PST"]
[Termination "GremioPrudente won by resignation"]

1. e4 e6 2. d4 d5 3. Nd2 Nf6 4. e5 Nfd7 5. Bd3 c5 6. c3 Nc6 7. Ne2 Qb6 8. Nf3 cxd4 9. cxd4 f6 10. exf6 Nxf6 11. O-O Bd6 12. Bf4 Bxf4 13. Nxf4 O-O 14.
Re1 Qxb2 15. Rb1 Qxa2 16. Qc1 Qa5 17. Nxe6 Bxe6 18. Rxe6 Rae8 19. Qe3 Qc7 20. Ng5 h6 21. Bg6 Rb8 22. Re7 Nxe7 23. Qe6+ Kh8 24. Nf7+ Rxf7 25. Qxf7 Rc8 26. h3 Nc6 27. Qe6 Ne4 28. Rc1 Nf6 29.
Qe3 Rf8 30. g4 Qe7 31. Qf4 Ne4 32. Qe3 Nxf2 33. Qg3 Ne4 34. Qe3 Qf6 35. Bf5 Nd6 36. Rf1 Nxf5 37. Rxf5 Qd8 38. Rh5 Qe8 39. Qd2 Qf7 40.
Qe2 Nxd4 41. Qe3 Nf3+ 42. Kg2 Ng5 43. Kg3 Qf3+ 44. Qxf3 Rxf3+ 45. Kg2 Rxh3 0-1

[Event "*** Titled Tuesday Blitz"]
[Site "Chess.com"]
[Date "2019.02.05"]
[Round "1"]
[White "Sashadav97"]
[Black "KRASAVCHIK2002"]
[Result "1-0"]
[WhiteElo "2620"]
[BlackElo "2255"]
[TimeControl "180+2"]
[EndTime "13:09:04 PST"]
[Termination "Sashadav97 won by resignation"]

1. d4 Nf6 2. c4 c5 3. d5 b5 4. cxb5 a6 5. Nc3 axb5 6. e4 b4 7. Nb5 d6 8. a4 bxa3 9. Rxa3 Rxa3 10.
bxa3 g6 11. Qa4 Bd7 12. Qa7 Bxb5 13. Bxb5+ Nbd7 14. Bd2 Bg7 15. Ba5 Qc8 16. Ba6 Qb8 17. Qxb8+ Nxb8 18. Bb5+ Nbd7 19. f3 O-O 20. Bc6 Ne5 21. Ne2 e6 22. O-O exd5 23. exd5 Nxc6 24. dxc6 Rc8 25. Rb1 Rxc6 26. Rb8+ Bf8 27. Nf4 d5 28. Bd8 Kg7 29. Bxf6+ Rxf6 30. Nxd5 Rd6 31. Ne3 Rd3 32.
Nc2 c4 33. Rc8 Rc3 34. Nd4 Bxa3 35. Nb5 Rc1+ 36. Kf2 Bb4 37. Rc7 c3 38. Nd4 Rd1 39. Ke3 Ba5 40. Rc6 Rd2 41. Nb3 Ra2 42. Ra6 Ra3 43. Nxa5 Ra2 44. g4 Rxh2 45. Rc6 h5 46.
gxh5 Rxh5 47. Nb3 Re5+ 48. Kf2 g5 49. Rxc3 f5 50. Rc7+ Kf6 51. Rc6+ Kf7 52. Nd4 Rd5 53. Ke3 Re5+ 54. Kd3 Ra5 55. Rc7+ Kf6 56. Rc6+ Kf7 57. Ke3 Ra3+ 58. Kf2 Ra5 59. Kg3 Rd5 60. Ne6 g4 61. f4 Rd3+ 62. Kh4 g3 63. Ng5+ Ke7 64. Rc2 Kf6 65.
Rg2 Rc3 66. Rxg3 Rc4 67. Rf3 1-0

[Event "*** Titled Tuesday Blitz"]
[Site "Chess.com"]
[Date "2019.02.05"]
[Round "1"]
[White "Artur0208"]
[Black "JoachimMouhamad"]
[Result "1-0"]
[WhiteElo "2645"]
[BlackElo "2294"]
[TimeControl "180+2"]
[EndTime "13:09:08 PST"]
[Termination "Artur0208 won by resignation"]

1. d4 Nf6 2. Nf3 g6 3. c4 Bg7 4.
Nc3 d6 5. e4 O-O 6. Be2 e5 7.
Be3 Ng4 8. Bg5 f6 9. Bh4 g5 10. Bg3 Nh6 11. dxe5 dxe5 12. h3 Be6 13. Qb3 b6 14.
Rd1 Qe7 15. O-O Na6 16. Nd5 Qf7 17. Qe3 c6 18. Nc3 Rfd8 19. b3 Qe7 20. Na4 Nf7 21.
Nh2 Bf8 22. Bg4 Kg7 23. Qf3 Rxd1 24. Rxd1 Rd8 25. Nf1 Nh6 26. Bxe6 Rxd1 27. Qxd1 Qxe6 28.
Ne3 Qd6 29. Qe2 Nc5 30. Nxc5 Qxc5 31. h4 Qd4 32. hxg5 fxg5 33. Qh5 Qxe4 34. Qxg5+ Qg6 35. Qxe5+ Kg8 36. Qc7 Bc5 37. Qb8+ Kf7 38. Qxa7+ Ke6 39. Qc7 Qe4 40. Qg7 Nf7 41. Qg8 Bxe3 42. Qe8+ Kf5 43. Qxf7+ Kg4 44. Qf3+ Qxf3 45. gxf3+ Kxf3 46. fxe3 Kxg3 47. c5 bxc5 48. a4 c4 49. bxc4 Kf3 50. a5 Kxe3 51. a6 1-0

[Event "*** Titled Tuesday Blitz"]
[Site "Chess.com"]
[Date "2019.02.05"]
[Round "1"]
[White "NoGalloNoParty"]
[Black "MrVezunchik"]
[Result "1/2-1/2"]
[WhiteElo "2329"]
[BlackElo "2685"]
[TimeControl "180+2"]
[EndTime "13:09:14 PST"]
[Termination "Game drawn by agreement"]

1. d4 Nf6 2. Nf3 g6 3. c4 Bg7 4. g3 O-O 5. Nc3 d5 6. cxd5 Nxd5 7. Bg2 Nb6 8. O-O Nc6 9. e3 Re8 10. Re1 Bd7 11. b3 a5 12. Bb2 a4 13. bxa4 Nb4 14.
Ne5 Nxa4 15. Qb3 Bxe5 16. Qxb4 Bd6 17. Qb3 Nxb2 18. Qxb2 Rb8 19. Nb5 Bxb5 20. Qxb5 c6 21. Qb3 Qa5 22. Red1 Rec8 23. a4 h5 24. h4 Kg7 25.
Bf1 e6 26. Rab1 g5 27. hxg5 Qxg5 28. e4 h4 29. e5 Be7 30. Rd3 Rh8 31. Bg2 h3 32.
Bf1 c5 33. d5 exd5 34. Qxd5 Rhd8 35. Qe4 Qg6 36. Qxg6+ fxg6 37. Rxd8 Bxd8 38. Bxh3 c4 39. Rc1 b5 40. axb5 Rxb5 41. Rxc4 Rxe5 42. Kg2 Bb6 43. Bg4 Rc5 44. Rxc5 Bxc5 45. Bf3 Kf6 46. Be4 g5 47. f4 gxf4 48. gxf4 Bd6 49. Kf3 Bc7 50. Kg4 Bd6 51. f5 1/2-1/2

[Event "*** Titled Tuesday Blitz"]
[Site "Chess.com"]
[Date "2019.02.05"]
[Round "1"]
[White "Morshynska"]
[Black "Al_Shima"]
[Result "0-1"]
[WhiteElo "2080"]
[BlackElo "2504"]
[TimeControl "180+2"]
[EndTime "13:09:19 PST"]
[Termination "Al_Shima won by resignation"]

1. d4 Nf6 2. c4 Nc6 3. d5 Ne5 4. Qd4 d6 5. f4 c5 6. Qc3 Ne4 7.
Qe3 Qa5+ 8. Nd2 Nxd2 9. Bxd2 Nxc4 10. Qd3 Nxd2 11. Qxd2 Qxd2+ 12. Kxd2 e6 13. e4 a6 14. a4 exd5 15. exd5 Bf5 16. Nf3 Be7 17. Bc4 b6 18. Rae1 Kd7 19. h3 h5 20. Ng5 Rhf8 21. Rhg1 h4 22. Re3 Bf6 23. b3 Bd4 24. Rge1 Bxe3+ 25.
Rxe3 Bg6 26. Nf3 Rh8 27. Re1 f6 28. Rf1 Be4 29. Ke3 Bxf3 30. Kxf3 f5 31. Rd1 Rhb8 32. Bd3 g6 33. Re1 b5 34. a5 Re8 35. Rg1 Re7 36. g4 Rae8 37. Bf1 Re3+ 38. Kf2 fxg4 39. Rxg4 Rxb3 40.
Rxg6 Ree3 41. Rg7+ Kc8 42. Rh7 Rf3+ 43. Kg2 Rxf4 44.
Rh8+ Kd7 45. Rh7+ Ke8 46. Ra7 Rb2+ 47. Kg1 Rb1 48. Ra8+ Ke7 0-1

[Event "*** Titled Tuesday Blitz"]
[Site "Chess.com"]
[Date "2019.02.05"]
[Round "1"]
[White "Redbandit87"]
[Black "GadimbayliA"]
[Result "0-1"]
[WhiteElo "2390"]
[BlackElo "2792"]
[TimeControl "180+2"]
[EndTime "13:09:21 PST"]
[Termination "GadimbayliA won by resignation"]

1. d4 Nf6 2. Bf4 e6 3. e3 d5 4. Nd2 c5 5. c3 Nc6 6. Bd3 Bd6 7.
Bxd6 Qxd6 8. f4 cxd4 9. cxd4 Bd7 10. a3 O-O-O 11. Ngf3 Kb8 12. Ne5 Be8 13. O-O Ne7 14. b4 Rc8 15. Rc1 Rxc1 16. Qxc1 Nd7 17. Qc2 f6 18.
Nef3 Bg6 19. Bxg6 hxg6 20. Nb3 Nf5 21. Qd2 b6 22. Rc1 Rc8 23. Rxc8+ Kxc8 24. Nc1 Qc6 25. g4 Nd6 26. Ne2 Ne4 27. Qd3 b5 28. Nd2 Nxd2 29.
Qxd2 Nb6 30. Qd3 Qc4 31. Qd2 Qb3 32. Kf2 Nc4 33. Qc3 Qxc3 34. Nxc3 Nxa3 35. Ke2 a6 36.
Kd3 Nc4 37. e4 dxe4+ 38. Nxe4 Nb6 39. Nc5 Nd5 40. Nxe6 Nxb4+ 41. Kd2 Kd7 42. Nxg7 Ke7 43. f5 g5 44. Ne6 Nd5 45. Kd3 a5 46. Ke4 Nc3+ 47. Kd3 b4 48. Kc4 Nd1 49. h3 Nf2 50.
Nc5 Nxh3 51. Nb7 Nf2 52. Nxa5 Nxg4 53. Kxb4 Ne3 54. Kc5 g4 55. Nc6+ Ke8 56. d5 Nxf5 57. d6 g3 58. Nb4 g2 59. Kc6 Nxd6 60. Kxd6 g1=Q 0-1

[Event "*** Titled Tuesday Blitz"]
[Site "Chess.com"]
[Date "2019.02.05"]
[Round "1"]
[White "snowlord"]
[Black "NMJeevanK"]
[Result "1-0"]
[WhiteElo "2716"]
[BlackElo "2326"]
[TimeControl "180+2"]
[EndTime "13:09:23 PST"]
[Termination "snowlord won by resignation"]

1. e4 e5 2. Nf3 Nc6 3. Bb5 a6 4. Ba4 Nf6 5. O-O Be7 6. Re1 b5 7. Bb3 d6 8. c3 O-O 9. h3 Na5 10. Bc2 c5 11. d4 Qc7 12. Nbd2 Kh8 13. a4 b4 14. cxb4 cxb4 15. d5 Bd7 16. b3 Nb7 17.
Nc4 a5 18. Ra2 Rac8 19. Be3 Ne8 20. Bb6 Qb8 21. Nxa5 Nxa5 22. Bxa5 Rc5 23. Bxb4 Qxb4 24. Qd2 Qxd2 25. Nxd2 Nc7 26. b4 Rc3 27. b5 Rb8 28. Rb1 Na8 29. Rb3 Rc5 30. Bd3 Bg5 31. Nc4 Nb6 32.
Nxd6 Kg8 33. a5 Be7 34. Nxf7 Kxf7 35. axb6 Rxb6 36. Ra7 Be8 37. Be2 Kf6 38. Ra6 Bd8 39. Rf3+ Ke7 40. Rf5 Rxa6 41. Rxe5+ Kd7 42. Bg4+ Kc7 43.
bxa6 Rc1+ 44. Kh2 Bb5 45. a7 Kb7 46. d6 Kxa7 47. Rxb5 Bb6 48. Rb2 Rc4 49. e5 Bd4 50. Re2 Rc5 51. d7 Rd5 52. e6 Bc5 53. e7 Bd6+ 54.
g3 1-0

[Event "*** Titled Tuesday Blitz"]
[Site "Chess.com"]
[Date "2019.02.05"]
[Round "1"]
[White "DenisQ"]
[Black "wadsy27"]
[Result "1-0"]
[WhiteElo "2673"]
[BlackElo "2301"]
[TimeControl "180+2"]
[EndTime "13:09:26 PST"]
[Termination "DenisQ won by resignation"]

1. Nf3 d5 2. g3 Nf6 3. Bg2 c6 4.
O-O Bg4 5. d3 Nbd7 6. Nbd2 e6 7.
h3 Bh5 8. c4 Be7 9. b3 a5 10. a3 O-O 11. Bb2 b5 12. Qc2 Qb6 13. Bd4 Qb7 14. cxb5 cxb5 15. Rfc1 Rfc8 16. Qb2 Ne8 17.
b4 a4 18. g4 Bg6 19. Ne5 Nxe5 20. Bxe5 Bf6 21. Nf3 Bxe5 22. Nxe5 Nd6 23. Rc5 f6 24.
Nxg6 hxg6 25. Rac1 Qd7 26. f4 Nb7 27. R5c2 Nd6 28.
g5 Kf7 29. Qd4 Rxc2 30. Rxc2 Rc8 31. Rc5 Nb7 32. Rxc8 Qxc8 33. Bf3 Nd6 34. Kg2 Nf5 35. Qa7+ Kg8 36. Qb6 Qd7 37. Bg4 d4 38. Bxf5 gxf5 39. Qc5 fxg5 40. fxg5 Kf7 41. h4 Kg6 42. Kg3 Kh5 43.
Qe5 Qf7 44. Qxd4 Qc7+ 45. Qf4 Qxf4+ 46. Kxf4 Kxh4 47. g6 Kh5 48. Ke5 Kxg6 49. Kxe6 Kh5 50. d4 g5 51. d5 g4 52. d6 g3 53. d7 g2 54. d8=Q g1=Q 55. Qh8+ 1-0

[Event "*** Titled Tuesday Blitz"]
[Site "Chess.com"]
[Date "2019.02.05"]
[Round "1"]
[White "JosefineHeinemann"]
[Black "penguingm1"]
[Result "1-0"]
[WhiteElo "2418"]
[BlackElo "2818"]
[TimeControl "180+2"]
[EndTime "13:09:27 PST"]
[Termination "JosefineHeinemann won by resignation"]

1. e4 e5 2. Nf3 Nc6 3. Bb5 a6 4. Ba4 Nf6 5. O-O Be7 6. c3 Nxe4 7. Bxc6 dxc6 8. Nxe5 O-O 9. d4 c5 10. Be3 cxd4 11. Bxd4 Bf6 12. Nf3 Bg4 13. Bxf6 Qxf6 14.
Qd3 Bxf3 15. Qxf3 Qxf3 16. gxf3 Ng5 17. Kg2 Rad8 18. h4 Ne6 19. a4 Rfe8 20. Na3 Rd2 21. Nc4 Re2 22. a5 g6 23. Kg3 Ng7 24. Rad1 Nh5+ 25. Kg2 R8e6 26. Rd4 Kg7 27. Rfd1 Rf6 28. Rd7 Nf4+ 29. Kg3 Ne6 30. R1d2 Re1 31. Rd1 Rxd1 32.
Rxd1 Kf8 33. b4 Ke8 34. Ne3 Ng7 35. Nd5 Rc6 36. Re1+ Kf8 37. Kf4 Rc4+ 38. Kg3 Nf5+ 39. Kg2 Nxh4+ 40. Kg3 Nf5+ 41. Kg2 c6 42. Nf6 Rxc3 43.
Nxh7+ Kg7 44. Ng5 f6 45. Ne6+ Kf7 46. Nc5 Nh4+ 47. Kf1 Nxf3 48. Rd1 Ne5 49. Nxb7 Rc4 50. Nd6+ Ke7 51. Nxc4 Nxc4 52. Rc1 Ne5 53. f4 Nd3 54. Rxc6 Nxb4 55. Rb6 Nd5 56. Rxa6 Nxf4 57. Ra8 Kd7 58.
a6 Kc7 59. Rf8 Ne6 60. Rxf6 Nc5 61. Rxg6 Kb8 62. Rc6 Nd7 63. Ke2 Ka8 64. Ke3 Nb8 65. Rb6 Ka7 66. Rb7+ Ka8 67. Rh7 Nxa6 68. Kd4 Kb8 69.
Kd5 Kc8 70. Kc6 Nb4+ 71. Kb5 Nd5 72. Kc5 Nf6 73. Rf7 Nd7+ 74. Kd6 Nb6 75. Kc6 1-0

[Event "*** Titled Tuesday Blitz"]
[Site "Chess.com"]
[Date "2019.02.05"]
[Round "1"]
[White "jlucasvf"]
[Black "StoreySniper"]
[Result "1-0"]
[WhiteElo "2735"]
[BlackElo "2343"]
[TimeControl "180+2"]
[EndTime "13:09:29 PST"]
[Termination "jlucasvf won by resignation"]

1. e4 g6 2. d4 Bg7 3. Nf3 d6 4. Bc4 Nf6 5. Qe2 O-O 6. O-O c6 7. e5 dxe5 8. dxe5 Nd5 9. Nbd2 Nf4 10. Qe1 Be6 11. Bxe6 Nxe6 12. c3 Na6 13. Nc4 Nac7 14. Qe2 Nd5 15. Rd1 Qc8 16. Qe4 Rd8 17. Be3 Nxe3 18. Qxe3 Qc7 19. Rxd8+ Rxd8 20. Qxa7 Nf4 21. Qe3 Bh6 22. Qe4 Qd7 23. g3 b5 24. Ne3 Ne6 25. Rd1 Qc7 26. Rxd8+ Nxd8 27. Qd3 Bxe3 28. Qxe3 Ne6 29.
Qd3 Kg7 30. h4 h5 31. a3 Qb8 32. Qe4 c5 33. Qd5 c4 34. Nd2 Qb6 35. Ne4 Qa5 36.
Qd7 Qa4 37. Qxe7 Qd1+ 38. Kg2 Qd5 39. Qf6+ Kg8 40. Qf3 Kg7 41. Ng5 Qxf3+ 42. Nxf3 Nc5 43. Nd4 Nd3 44. Nxb5 Nxb2 45. f4 Kf8 46. Kf3 Ke7 47.
Ke4 Ke6 48. Nd4+ Kd7 49. Kd5 Nd1 50. Kxc4 Ne3+ 51. Kd3 Nf1 52. Ne2 Kc6 53. c4 Kc5 54. a4 Nh2 55. a5 Nf3 56. Nc3 Ne1+ 57. Ke2 Nc2 58. Ne4+ Kxc4 59. a6 Nd4+ 60. Ke3 Nc6 61. Nd6+ Kd5 62. Nc8 Nb4 63. a7 1-0

[Event "*** Titled Tuesday Blitz"]
[Site "Chess.com"]
[Date "2019.02.05"]
[Round "1"]
[White "DrMelekess"]
[Black "CalinGheorghiu"]
[Result "1-0"]
[WhiteElo "2602"]
[BlackElo "2233"]
[TimeControl "180+2"]
[EndTime "13:09:30 PST"]
[Termination "DrMelekess won by checkmate"]

1. d4 Nf6 2. Nf3 e6 3. c4 d5 4. Nc3 Nbd7 5. g3 dxc4 6. Bg2 c6 7. O-O Bb4 8. Nd2 Nb6 9. e3 O-O 10. Qe2 Nfd5 11. Nxc4 Nxc3 12. bxc3 Bxc3 13. Rb1 Nxc4 14.
Qxc4 Ba5 15. e4 Bc7 16. Rd1 Rb8 17. Ba3 Re8 18. d5 Qf6 19. d6 Bb6 20. d7 Qxf2+ 21. Kh1 Bxd7 22. Rxd7 Rbd8 23. Rdd1 Rd2 24. Rxd2 Qxd2 25.
e5 Rd8 26. Bd6 Rd7 27. h4 Qe3 28. Kh2 g6 29. a4 Bd4 30. Rb3 Qg1+ 31. Kh3 h6 32.
Rd3 Bf2 33. Qf4 Kh7 34. Rf3 Bb6 35. Bf8 g5 36. hxg5 Kg8 37. Bd6 h5 38. g6 fxg6 39.
Qf8+ Kh7 40. Rf7+ Rxf7 41. Qxf7+ Kh6 42. Bf8+ Kg5 43. Qf6# 1-0

[Event "*** Titled Tuesday Blitz"]
[Site "Chess.com"]
[Date "2019.02.05"]
[Round "1"]
[White "Parhamov"]
[Black "Pilopa"]
[Result "1-0"]
[WhiteElo "2964"]
[BlackElo "2455"]
[TimeControl "180+2"]
[EndTime "13:09:37 PST"]
[Termination "Parhamov won by checkmate"]

1. Nf3 g6 2. g3 Bg7 3. Bg2 e5 4. O-O d5 5. d3 c5 6. e4 Ne7 7.
c3 Nbc6 8. Re1 O-O 9. Nbd2 h6 10. a3 b6 11. b4 cxb4 12. axb4 dxe4 13. dxe4 Be6 14. Bf1 Qd7 15. Bb2 Rfd8 16. Qa4 a5 17. b5 Na7 18. c4 Qc7 19. Rac1 Nac8 20. Ba3 Nd6 21. c5 bxc5 22. Bxc5 Qb7 23. Qa3 Nec8 24.
Rb1 a4 25. b6 g5 26. h3 f6 27. Rec1 Bf8 28. Qe3 a3 29. Bxa3 Nxe4 30. Qxe4 Qxe4 31. Nxe4 Rxa3 32. b7 Ne7 33. b8=Q Rxb8 34. Rxb8 Rxf3 35. Be2 Ra3 36. Nxf6+ Kf7 37. Bh5+ Kxf6 38. Rxf8+ Kg7 39. Re8 Ra7 40. Bg4 Bxg4 41. hxg4 Kf7 42. Rh8 Kg7 43. Rb8 Nd5 44. Rc5 Nf6 45. Rxe5 Nxg4 46.
Re4 Nf6 47. Re6 Rf7 48. Rb4 h5 49. Re5 Kh6 50. Rb6 Kg6 51. f3 Rf8 52. Kg2 Ra8 53.
Ree6 Ra2+ 54. Kf1 Ra1+ 55. Ke2 Ra2+ 56. Kd1 Ra1+ 57. Kc2 Rg1 58. Rxf6+ Kg7 59. Rg6+ Kh7 60. Rxg5 Kh8 61. Rh6# 1-0

[Event "*** Titled Tuesday Blitz"]
[Site "Chess.com"]
[Date "2019.02.05"]
[Round "1"]
[White "joppie2"]
[Black "Warre"]
[Result "1-0"]
[WhiteElo "2739"]
[BlackElo "2352"]
[TimeControl "180+2"]
[EndTime "13:09:39 PST"]
[Termination "joppie2 won by checkmate"]

1. c4 Nf6 2. Nc3 e5 3. Nf3 Nc6 4. d3 g6 5. g3 Bg7 6. Bg2 O-O 7. O-O d5 8. cxd5 Nxd5 9. Bg5 Nde7 10. Qc1 f6 11. Bh6 Be6 12. Bxg7 Kxg7 13. Re1 Qd7 14. a3 Na5 15. Nd2 c6 16. Qc2 c5 17. b4 cxb4 18.
axb4 Nac6 19. Qb2 a6 20. Nde4 b6 21. b5 axb5 22. Qxb5 Qc7 23. e3 Rfd8 24. Rec1 Rxa1 25. Rxa1 Na5 26. Rb1 Nc8 27. h4 Nd6 28. Qxb6 Qxb6 29. Rxb6 Nxe4 30. Nxe4 Bf7 31. Nxf6 Rxd3 32. Ne4 Nc4 33.
Rb7 h6 34. Nc5 Rd1+ 35. Kh2 Kf6 36. Ne4+ Kg7 37. g4 Nd6 38. Rd7 Nxe4 39. Rxd1 Nxf2 40. Re1 Nxg4+ 41. Kg3 h5 42. Bf3 Nh6 43. e4 Kf6 44. Ra1 Be6 45. Ra6 Nf7 46. Bd1 Ke7 47. Ra7+ Kf6 48. Kf2 Nd6 49. Bc2 Nf7 50. Ke3 g5 51. hxg5+ Kxg5 52. Ra6 Bg4 53. Bb3 Nh6 54. Ra5 Kf6 55.
Ra6+ Kg5 56. Be6 h4 57. Bxg4 Nxg4+ 58. Kf3 h3 59. Ra8 Nf6 60. Rh8 Nh5 61. Rg8+ Kh4 62.
Rg4# 1-0

[Event "*** Titled Tuesday Blitz"]
[Site "Chess.com"]
[Date "2019.02.05"]
[Round "1"]
[White "xLuring1"]
[Black "Denis_Makhnyov"]
[Result "0-1"]
[WhiteElo "2309"]
[BlackElo "2675"]
[TimeControl "180+2"]
[EndTime "13:09:39 PST"]
[Termination "Denis_Makhnyov won by resignation"]

1. e4 e5 2. Nf3 Nc6 3. Nc3 Nf6 4. Bb5 Bb4 5. O-O O-O 6. d3 d6 7. Bg5 Bxc3 8. bxc3 Qe7 9. Rb1 Nd8 10. Nh4 h6 11.
Bxf6 Qxf6 12. g3 Bh3 13. Re1 Ne6 14. Bd7 b6 15. Qf3 Qxf3 16. Nxf3 Ng5 17. Nxg5 Bxd7 18. Nf3 f5 19. Nd2 fxe4 20. Nxe4 Rf7 21. Kg2 Raf8 22.
c4 Bc6 23. Re2 g5 24. h3 Kg7 25. Rf1 Kg6 26. f3 a6 27. Ref2 b5 28. cxb5 axb5 29. g4 Ra8 30. c3 Ra3 31. Rc2 Rf8 32. Ng3 Rfa8 33. Rff2 Bd7 34. c4 b4 35. Rfd2 c5 36. Ne4 R8a6 37. Rb2 Kf7 38. Ng3 Ke7 39. Nf1 Be6 40. Ne3 Kd7 41. Kg3 Ra8 42. Nd1 d5 43. Ne3 Kc6 44. cxd5+ Bxd5 45. Nc4 Bxc4 46. dxc4 e4 47.
Rf2 Kd6 48. Kg2 exf3+ 49. Rxf3 Rxa2 50. Rd3+ Kc6 51. Rdd2 Rxb2 52. Rxb2 Rd8 53. Rf2 Rd4 54. Rf6+ Kb7 55. Rxh6 b3 56. Rf6 b2 57. Rf1 Rxc4 58. Rb1 Rc2+ 59. Kf3 c4 60. Ke3 c3 61. h4 Rc1 0-1

[Event "*** Titled Tuesday Blitz"]
[Site "Chess.com"]
[Date "2019.02.05"]
[Round "1"]
[White "ChessWarrior7197"]
[Black "Astaneh"]
[Result "1-0"]
[WhiteElo "2877"]
[BlackElo "2435"]
[TimeControl "180+2"]
[EndTime "13:09:40 PST"]
[Termination "ChessWarrior7197 won by resignation"]

1. e4 c6 2. Nc3 d5 3. Nf3 Nf6 4. d3 dxe4 5. Nxe4 Nxe4 6. dxe4 Qxd1+ 7. Kxd1 Bg4 8. Be2 Nd7 9. Nd4 Bxe2+ 10. Kxe2 O-O-O 11. Be3 g6 12. f3 Bg7 13. Rad1 Ne5 14. b3 Rd7 15. h3 Rhd8 16. c3 c5 17. Nc2 b6 18.
Rxd7 Rxd7 19. Bd2 e6 20. f4 Nc6 21. e5 f6 22. exf6 Bxf6 23. g4 e5 24. f5 gxf5 25. gxf5 Rg7 26. Ne3 Ne7 27. Ng4 Ng8 28. Kf3 h5 29.
Nf2 Bh4 30. Ne4 Nf6 31. Nxf6 Bxf6 32. Rh2 Bh4 33. Be3 Kd7 34. Ke4 Ke7 35. b4 c4 36. a4 Kf6 37. Rd2 Rg3 38. Rd6+ Ke7 39. Re6+ Kf7 40. a5 Rxh3 41. axb6 axb6 42. Rxb6 Be1 43.
Rc6 Bxc3 44. b5 Rh4+ 45. Kd5 Bd4 46. Bg5 Rg4 47. Rc7+ Kg8 48. Bh6 Bb6 49. Rb7 Bd8 50. Kxe5 c3 51. f6 Bxf6+ 52. Kxf6 c2 53. Rc7 Rb4 54.
Kg6 Rg4+ 55. Kxh5 Rb4 56. Kg6 Rg4+ 57. Bg5 1-0

[Event "*** Titled Tuesday Blitz"]
[Site "Chess.com"]
[Date "2019.02.05"]
[Round "1"]
[White "Alekseyviktorovich"]
[Black "Koksik_13"]
[Result "0-1"]
[WhiteElo "2299"]
[BlackElo "2671"]
[TimeControl "180+2"]
[EndTime "13:09:40 PST"]
[Termination "Koksik_13 won on time"]

1. e4 e6 2. d4 d5 3. Nd2 Nf6 4. Bd3 c5 5. c3 Nc6 6. Ngf3 cxd4 7. cxd4 dxe4 8. Nxe4 Bb4+ 9. Nc3 Be7 10. O-O O-O 11.
a3 b6 12. Re1 Bb7 13. Bc2 Kh8 14. Qd3 g6 15. Bh6 Re8 16. Rad1 Kg8 17. Ba4 a6 18. Ne5 b5 19. Qh3 bxa4 20. Nxf7 Qd7 21. Ng5 Bf8 22. Bxf8 Rxf8 23. Nxe6 Rf7 24. d5 Ne7 25. d6 Ned5 26. Nxd5 Bxd5 27. f4 Bxe6 28.
Rxe6 Nh5 29. f5 Raf8 30. fxg6 Qa7+ 31. Qe3 Qxe3+ 32. Rxe3 hxg6 33. d7 Rd8 34. Re8+ Rf8 35. Rxf8+ Kxf8 36. Rd6 Kf7 37. Rxa6 Rxd7 38. Rxa4 Rd1+ 39.
Kf2 Rd2+ 40. Kf3 Rxb2 41. Ra7+ Kf6 42. Ra6+ Kg5 43. Ra5+ Kh6 44. g4 Rb3+ 45. Kf2 Nf4 46. h4 Kg7 47. h5 Nh3+ 48. Ke2 g5 49. Ra7+ Kf6 50. Ra6+ Ke5 51. h6 Nf4+ 52. Kd2 Rh3 53. a4 Nd5 54. a5 Rh2+ 55. Ke1 Kf4 56. Rd6 Nc3 0-1

[Event "*** Titled Tuesday Blitz"]
[Site "Chess.com"]
[Date "2019.02.05"]
[Round "1"]
[White "matiss90"]
[Black "mishanick"]
[Result "1/2-1/2"]
[WhiteElo "2468"]
[BlackElo "3019"]
[TimeControl "180+2"]
[EndTime "13:09:46 PST"]
[Termination "Game drawn by repetition"]

1. e4 c5 2. Nf3 d6 3. d4 cxd4 4. Nxd4 Nf6 5. Nc3 a6 6. Bc4 e6 7. Bb3 b5 8. O-O b4 9. Na4 Bd7 10. Re1 Be7 11. a3 bxa3 12. Rxa3 O-O 13. Ra1 Nc6 14.
Nxc6 Bxc6 15. Nc3 Qb6 16. Bg5 Rfd8 17. Qe2 Qb7 18. h4 h6 19. Bd2 Nd7 20. Qg4 Kh8 21.
Qh5 Kg8 22. Qg4 Nf6 23. Qg3 Kh8 24. Qf3 a5 25. g4 a4 26. Ba2 Rf8 27. g5 hxg5 28.
hxg5 Nh7 29. Kg2 Bxg5 30. Bxg5 Nxg5 31. Rh1+ Kg8 32. Qh5 Bxe4+ 33. Kg3 Nh7 34. Nxe4 Qxe4 35. Rh4 Qxc2 36. Rah1 Rfb8 37. Qxh7+ Qxh7 38. Rxh7 g6 39. Bxe6 fxe6 40. Re7 Rb3+ 41. Kg2 Ra5 42. Rhh7 Rg5+ 43.
Kf1 Rf5 44. Reg7+ Kf8 45. Rd7 Ke8 46. Ra7 Rb8 47. Rhe7+ Kf8 48. Rh7 Ke8 49. Rhe7+ Kf8 50. Rh7 Kg8 51. Rag7+ Kf8 52. Ra7 Kg8 53. Rhg7+ Kf8 54.
Rh7 Kg8 55. Rhg7+ Kf8 56. Rh7 1/2-1/2

[Event "*** Titled Tuesday Blitz"]
[Site "Chess.com"]
[Date "2019.02.05"]
[Round "1"]
[White "ruvat"]
[Black "DrVelja"]
[Result "0-1"]
[WhiteElo "2286"]
[BlackElo "2642"]
[TimeControl "180+2"]
[EndTime "13:09:46 PST"]
[Termination "DrVelja won by resignation"]

1. d4 Nf6 2. c4 g6 3. Nf3 Bg7 4. g3 O-O 5. Bg2 d6 6. O-O Nc6 7. d5 Na5 8. Qa4 c5 9. Bd2 b6 10. Bc3 Bd7 11. Qc2 Nxc4 12. Bxf6 Bxf6 13. Qxc4 Bxb2 14.
Nc3 b5 15. Nxb5 Qa5 16. a4 Bxa1 17. Rxa1 Bxb5 18. Qxb5 Qxb5 19. axb5 Rfb8 20. Ra5 a6 21. bxa6 Rb6 22. Kf1 Raxa6 23. Rxa6 Rxa6 24. Ke1 Kg7 25. Kd1 Kf6 26. Nd2 Ra2 27. Be4 Ke5 28. e3 e6 29.
f4+ Kf6 30. g4 h6 31. h4 g5 32. hxg5+ hxg5 33. dxe6 fxe6 34. f5 d5 35. Bb1 Ra7 36.
fxe6 Kxe6 37. Ke2 c4 38. Nf3 Kd6 39. Nxg5 Rg7 40. Nf3 Rxg4 41. Nd4 Kc5 42. Bf5 Rg8 43.
Kf3 c3 44. Bc2 Kb4 45. Kf4 Re8 46. Kf3 Ka3 47. Ke2 Kb2 48. Kd3 Rh8 49. Bb3 Rh5 50. Bd1 Rh2 51. Be2 Rh1 52. Bf3 Rh4 53. Be2 Rxd4+ 0-1

[Event "*** Titled Tuesday Blitz"]
[Site "Chess.com"]
[Date "2019.02.05"]
[Round "1"]
[White "Kirill_Klukin"]
[Black "WPWPWP-2015"]
[Result "0-1"]
[WhiteElo "2626"]
[BlackElo "2305"]
[TimeControl "180+2"]
[EndTime "13:09:47 PST"]
[Termination "WPWPWP-2015 won by resignation"]

1. Nf3 Nf6 2. d4 e6 3. e3 c5 4. Bd3 b6 5. O-O Bb7 6. c4 Be7 7.
Nc3 cxd4 8. exd4 O-O 9. d5 Na6 10. Bf4 Re8 11. a3 Nc5 12. Bc2 a5 13. Nb5 exd5 14.
Nc7 dxc4 15. Nxe8 Qxe8 16. Re1 Qf8 17. Ne5 d5 18. Ng4 Nxg4 19. Qxg4 Bf6 20. Qf5 Ne4 21. Rab1 g6 22. Qd7 Qc8 23. Qxc8+ Rxc8 24. f3 Nc5 25. Be5 Kg7 26. Rbd1 Ne6 27. f4 Bxe5 28. fxe5 b5 29. Kf2 b4 30. axb4 axb4 31. Ra1 b3 32. Bd1 Nc5 33. Be2 Re8 34. Bf1 Rb8 35. Ra7 Bc8 36. Ke3 Bf5 37. Kd4 Ne6+ 38. Kc3 Rc8 39. Kb4 Rb8+ 40. Kc3 Rc8 41. Kb4 Be4 42. g3 Ng5 43. h4 Nf3 44. Re3 Nxe5 45. Bh3 Rd8 46. Rc7 Nd3+ 47. Kb5 Kf6 48. g4 Nxb2 49. g5+ Ke5 50. Rxf7 Nd3 51. Rf1 b2 52. Bg2 Kd4 53. Re2 Rb8+ 54. Kc6 b1=Q 55. Rxb1 Rxb1 56. Bxe4 dxe4 0-1